 Dungeon Crawl Stone Soup version 0.31.0-11-ge490571c62 (webtiles) character file.

Game seed: 4673190522308674993

19525 SigmundSlayer the Mimic (level 12, -3/100 HPs)
             Began as a Demonspawn Shapeshifter on Feb 2, 2024.
             Was the Champion of Cheibriados.
             Slain by Urug
             ... wielding a +7 scimitar of holy wrath
              (8 damage)
             ... on level 11 of the Dungeon.
             The game lasted 00:28:37 (13857 turns).

SigmundSlayer the Mimic (Demonspawn Shapeshifter)  Turns: 13857, Time: 00:28:38

Health: -3/100     AC: 11    Str: 31    XL:     12   Next: 37%
Magic:  16/16      EV: 29    Int: 26    God:    Cheibriados [******]
Gold:   820        SH:  0    Dex: 37    Spells: 12/17 levels left

rFire   . .          .
                       - Unarmed
rCold   . . .        (shield currently unavailable)
rNeg    . . .        D - +3 troll leather armour
rPois   .            (helmet unavailable)
rElec   .            g - +0 cloak
rCorr   .            r - melded +2 pair of gloves of Mysticism {rCorr Str+3 Int+2}
SInv    +            z - +1 pair of boots
Will    .....        c - amulet of regeneration
Stlth   ++++++       o - +5 ring of evasion
HPRegen 1.96/turn    a - +4 ring of protection
MPRegen 0.15/turn

%: no passive effects
@: mighty, blade hands, very slow
A: antennae 3, thin skeletal structure 3, demonic guardian 2, powered by pain 1,
robust 1
a: Begin Untransformation, Renounce Religion, Bend Time, Temporal Distortion,
Slouch, Step From Time


You were on level 11 of the Dungeon.
You worshipped Cheibriados.
Cheibriados was exalted by your worship.
You had blades for hands.
You visited 1 branch of the dungeon, and saw 11 of its levels.

You collected 820 gold pieces.

Inventory:

Missiles
 m - 5 throwing nets (quivered)
Armour
 g - a +0 cloak (worn)
 r - the +2 pair of gloves of Mysticism (melded) {rCorr Str+3 Int+2}
   (You found it on level 3 of the Dungeon)

   Str+3:     It affects your strength (+3).
   Int+2:     It affects your intelligence (+2).
   rCorr:     It protects you from acid and corrosion.
 z - a +1 pair of boots (worn)
 A - +0 acid dragon scales
 D - a +3 troll leather armour (worn)
Jewellery
 a - a +4 ring of protection (right blade hand)
 c - an amulet of regeneration (around neck)
 h - a +6 ring of dexterity
 o - a +5 ring of evasion (left blade hand)
Talismans
 d - a flux talisman
 j - a serpent talisman
 B - a blade talisman (active)
Wands
 k - a wand of iceblast (20)
 q - a wand of flame (9)
 s - a wand of charming (9)
 y - a wand of polymorph (4)
 E - a wand of light (6)
Scrolls
 e - a scroll of brand weapon
 f - a scroll of teleportation
 i - 4 scrolls of immolation
 l - a scroll of noise
 n - a scroll of fog
 p - a scroll of revelation
 v - a scroll of vulnerability
 I - a scroll of torment
 J - a scroll of blinking
Potions
 b - 2 potions of mutation
 t - a potion of magic
 u - 3 potions of might
 w - a potion of brilliance
 x - 2 potions of curing
 C - 3 potions of attraction
 F - a potion of resistance {unknown}
 G - 2 potions of enlightenment {unknown}


   Skills:
 + Level 7.3 Fighting
 - Level 4.0 Armour
 + Level 8.8 Dodging
 + Level 6.9 Unarmed Combat
 - Level 3.2 Spellcasting
 - Level 3.6 Conjurations
 - Level 3.3 Ice Magic
 - Level 3.2 Air Magic
 + Level 11.1 Shapeshifting


You had 12 spell levels left.
You knew the following spells:

 Your Spells              Type           Power      Damage    Failure   Level
a - Freezing Cloud        Conj/Ice/Air   10%        6-21      56%         5

Your spell library contained the following spells:

 Spells                   Type           Power      Damage    Failure   Level
 Mercury Vapours          Alch/Air       24%        N/A       8%          2
 Mephitic Cloud           Conj/Alch/Air  16%        N/A       12%         3
 Lesser Beckoning         Tloc           8%         N/A       16%         2
 Gell's Gravitas          Tloc           4%         N/A       30%         3
 Teleport Other           Tloc           4%         N/A       30%         3
 Tukima's Dance           Hex            4%         N/A       30%         3
 Passage of Golubria      Tloc           4%         N/A       71%         4
 Yara's Violent Unravell  Hex/Alch       2%         3d3       96%         5
 Death Channel            Necr           2%         N/A       100%        6
 Eringya's Noxious Bog    Alch           2%         4d6       100%        6
 Plasma Beam              Fire/Air       6%         2x1d16    100%        6
 Sculpt Simulacrum        Ice/Alch       6%         N/A       100%        6


Dungeon Overview and Level Annotations

Branches:
Dungeon (11/15)            Temple (0/1) D:4            Lair (0/5) D:8
    Orc (0/2) D:10

Altars:
Cheibriados
Dithmenos
Fedhas
Kikubaaqudgha
Okawaru
Sif Muna
Xom
Yredelemnul

Shops:
D:4 *   D:6 [?*:   D:9 [

Annotations:
D:11 Urug


Innate Abilities, Weirdness & Mutations

You have blades for hands.
You are incapable of wielding weapons or throwing items.
You have a pair of large antennae on your head. (SInv)
You have an unnaturally thin skeletal structure. (Dex +6, Stealth+++)
A demonic guardian rushes to your aid.
You sometimes gain a little power by taking damage.
You are robust. (+10% HP)


Message History

You slice the skeletal warrior!!
You destroy the skeletal warrior!
Cheibriados appreciates the change of pace.
Your butterfly disappears in a burst of colours! x4
Things that are here:
a +0 hand axe; a +0 short sword You start resting.
Your butterfly disappears in a burst of colours! x9
You feel a little less agile now.
You start resting.
HP restored.
You are mighty.
You have blades for hands.
Your movement speed is very slow.
Your attack delay is about 0.8.
Your damage rating with unarmed combat is about 37 (Base [16 + 6 (UC)] x 152% (Str) x 112% (Fight)).
Your base attributes are Str 16, Int 11, Dex 22.
You sense a monster nearby.
Urug the Orcish Ballista comes into view.
She is wielding a +7 scimitar of holy wrath.
The helpless Urug fails to defend herself.
You shred Urug!!!
Urug is severely wounded.
Urug hits you with a +7 scimitar of holy wrath!!
A demonic guardian appears!
You convulse!!
You focus on the pain.
You feel mightier all of a sudden.
You are too injured to fight recklessly!
You are too injured to fight recklessly!
You are too injured to fight recklessly!
You are too injured to fight recklessly!
You are too injured to fight recklessly!
You hit Urug but do no damage.
Urug is severely wounded.
Urug hits you with a +7 scimitar of holy wrath!
* * * LOW HITPOINT WARNING * * *
You convulse!!
* * * LOW HITPOINT WARNING * * *
You slice Urug!!
Urug is almost dead.
Urug hits you with a +7 scimitar of holy wrath!
* * * LOW HITPOINT WARNING * * *
You convulse!
You die...
Urug screams, "Revenge at last!"

..##..###.####..#
.).....##.# ...#
.....#.##.# #....#
.##.##....# #.#..#
..#.##....# #.#..#
............#....#
#...#.#######..#.#
....#.# ###..#o#
....#.# #....#@#
......# # #.3.#
.....## #.##.###
.....# #....#
.....## #..#.#
......# #..#.###
......# #......#
......## #......#
.).....# ##......#


You could see Urug (ally target) and a friendly sun demon (summoned).

Vanquished Creatures
  Fannar (D:11)
  Harold (D:9)
  Erica (D:9)
  5 two-headed ogres
  Sonja (D:11)
  4 skeletal warriors (D:11)
  Pikel (D:6)
  A cyclops (D:11)
  2 manticores (D:10)
  Joseph (D:7)
  Jeremiah (D:6)
  Maggie (D:10)
  2 trolls (D:10)
  A merfolk (D:10)
  A hornet (D:11)
  A shadow (D:10)
  A wraith (D:11)
  A wyvern (D:8)
  2 yaks (D:10)
  3 hogs (D:10)
  Grum (D:10)
  5 steam dragons
  Eustachio (D:6)
  2 acid dragons (D:10)
  A water moccasin (D:7)
  Duvessa (D:5)
  An ice beast (D:6)
  12 black bears
  5 sky beasts (D:7)
  4 orc warriors
  An ogre (D:6)
  5 centaurs
  3 wolves (D:10)
  A phantom (D:6)
  7 bullfrogs
  A kobold brigand (D:9)
  4 gnoll sergeants (D:10)
  A scorpion (D:4)
  A wyvern zombie (D:6)
  4 wights (D:7)
  Dowan (D:5)
  11 killer bees
  6 electric eels (D:10)
  2 howler monkeys (D:10)
  3 jellies
  A bullfrog zombie (D:6)
  3 centaur zombies (D:6)
  2 hounds (D:5)
  2 bombardier beetles
  5 gnoll boudas
  6 orc priests
  Natasha (D:2)
  2 iguanas
  7 orc wizards
  A sleepcap (D:5)
  2 killer bee zombies (D:6)
  10 adders
  9 gnolls
  A shadow imp (D:7)
  3 white imps
  7 dart slugs
  2 ribbon worms
  34 orcs
  6 ball pythons
  9 endoplasms
  3 giant cockroaches
  10 goblins
  11 hobgoblins
  7 jackals
  23 kobolds
  4 quokkas
  8 bats
  5 frilled lizards
  7 rats
307 creatures vanquished.

Vanquished Creatures (collateral kills)
  A gargoyle (D:10)
  A bombardier beetle (D:4)
  Natasha (D:2)
  An orc wizard (D:6)
  An endoplasm (D:2)
  A goblin (D:5)
  2 hobgoblins (D:5)
  A jackal (D:1)
  A kobold (D:5)
  A rat (D:2)
11 creatures vanquished.

Grand Total: 318 creatures vanquished

Notes
Turn   | Place    | Note
-------+----------+-------------------------------------------
     0 | D:1      | SigmundSlayer the Demonspawn Shapeshifter began the quest
                  | for the Orb.
     0 | D:1      | Reached XP level 1. HP: 15/15 MP: 1/1
    87 | D:1      | Gained mutation: You have a somewhat thin skeletal
                  | structure. (Dex +2, Stealth+) [demonic ancestry]
    87 | D:1      | Reached XP level 2. HP: 4/21 MP: 2/2
   277 | D:1      | Reached skill level 3 in Shapeshifting
   277 | D:1      | Gained mutation: A weak demonic guardian rushes to your
                  | aid. [demonic ancestry]
   277 | D:1      | Reached XP level 3. HP: 14/27 MP: 3/3
  1006 | D:2      | Gained mutation: You have a pair of small antennae on your
                  | head. [demonic ancestry]
  1006 | D:2      | Reached XP level 4. HP: 15/33 MP: 4/4
  1561 | D:2      | Noticed Natasha
  1567 | D:2      | Killed Natasha
  1568 | D:2      | Reached XP level 5. HP: 20/39 MP: 5/5
  1694 | D:2      | Noticed Natasha
  1711 | D:2      | Killed Natasha
  2370 | D:3      | Found an ancient bone altar of Kikubaaqudgha.
  2679 | D:3      | Identified the +2 pair of gloves of Mysticism {rCorr Str+3
                  | Int+2}
  2694 | D:3      | Found a shimmering blue altar of Sif Muna.
  2715 | D:3      | Became a worshipper of Sif Muna the Loreminder
  3032 | D:4      | Found Suwoirupha's Mass Market.
  3047 | D:4      | Found a snail-covered altar of Cheibriados.
  3073 | D:4      | Fell from the grace of Sif Muna
  3073 | D:4      | Became a worshipper of Cheibriados the Contemplative
  3111 | D:4      | Gained mutation: You are robust. (+10% HP) [potion of
                  | mutation]
  3111 | D:4      | HP: 1/45 [burnt (4)]
  3118 | D:4      | Gained mutation: You have a moderately thin skeletal
                  | structure. (Dex +4, Stealth++) [demonic ancestry]
  3118 | D:4      | Reached XP level 6. HP: 30/51 MP: 6/6
  3196 | D:4      | Found a staircase to the Ecumenical Temple.
  3855 | D:4      | Noticed an orc warrior
  4018 | D:5      | Entered Level 5 of the Dungeon
  4252 | D:5      | Reached skill level 4 in Shapeshifting
  4440 | D:5      | Reached * piety under Cheibriados
  5157 | D:5      | Reached ** piety under Cheibriados
  5500 | D:5      | Noticed Dowan
  5501 | D:5      | Noticed Duvessa
  5546 | D:6      | Gained mutation: You have an unnaturally thin skeletal
                  | structure. (Dex +6, Stealth+++) [demonic ancestry]
  5546 | D:6      | Reached XP level 7. HP: 11/57 MP: 7/7
  5735 | D:5      | Killed Duvessa
  5736 | D:5      | Reached skill level 5 in Shapeshifting
  5904 | D:5      | Killed Dowan
  6454 | D:6      | Found a basalt altar of Yredelemnul.
  6461 | D:6      | Reached skill level 6 in Shapeshifting
  6606 | D:6      | Noticed Pikel
  6640 | D:6      | Killed Pikel
  6641 | D:6      | Reached skill level 7 in Shapeshifting
  6641 | D:6      | Gained mutation: You sometimes gain a little power by
                  | taking damage. [demonic ancestry]
  6641 | D:6      | Reached XP level 8. HP: 16/66 MP: 8/8
  6921 | D:6      | Reached *** piety under Cheibriados
  6959 | D:6      | Found Nuuk Zumn's Assorted Antiques.
  6966 | D:6      | Found a shimmering altar of Xom.
  6987 | D:6      | Reached skill level 1 in Armour
  7140 | D:6      | Found Fecwia's Book Emporium.
  7140 | D:6      | Noticed a walking crystal tome
  7140 | D:6      | Noticed a walking divine tome
  7166 | D:6      | Noticed Jeremiah
  7298 | D:6      | Killed Jeremiah
  7299 | D:6      | Reached skill level 8 in Shapeshifting
  7361 | D:6      | Found Azaheot's Magic Scroll Shop.
  7632 | D:6      | Was forgiven by Sif Muna
  7705 | D:6      | Found Muzailasm's Armour Shoppe.
  7712 | D:6      | Reached XP level 9. HP: 71/71 MP: 9/9
  8181 | D:6      | Noticed Eustachio
  8199 | D:6      | Killed Eustachio
  8676 | D:7      | Identified the +1 robe of Midsummer {Harm rC+ rN++}
  8868 | D:7      | Found a shadowy altar of Dithmenos.
  8913 | D:7      | Reached skill level 9 in Shapeshifting
  9224 | D:7      | Reached **** piety under Cheibriados
  9639 | D:7      | Found a blossoming altar of Fedhas.
  9721 | D:7      | Reached skill level 5 in Dodging
 10035 | D:7      | Noticed Joseph
 10050 | D:7      | Killed Joseph
 10051 | D:7      | Gained mutation: You have a pair of antennae on your head.
                  | [demonic ancestry]
 10051 | D:7      | Reached XP level 10. HP: 45/78 MP: 10/10
 10323 | D:8      | Learned a level 5 spell: Freezing Cloud
 10388 | D:8      | Found a staircase to the Lair.
 10809 | D:8      | Reached skill level 1 in Conjurations
 10865 | D:8      | Noticed a two-headed ogre
 10878 | D:8      | Killed a two-headed ogre
 10879 | D:8      | Reached skill level 1 in Spellcasting
 10879 | D:8      | Reached skill level 1 in Ice Magic
 10879 | D:8      | Reached skill level 1 in Air Magic
 11102 | D:8      | Reached skill level 10 in Shapeshifting
 11140 | D:9      | Reached ***** piety under Cheibriados
 11248 | D:9      | Found Hioheugh's Armour Shoppe.
 11357 | D:9      | Noticed Erica
 11368 | D:9      | Killed Erica
 11484 | D:9      | Found an iron altar of Okawaru.
 11525 | D:9      | Noticed Harold
 11535 | D:9      | Killed Harold
 11822 | D:10     | Entered Level 10 of the Dungeon
 11908 | D:10     | Noticed a two-headed ogre
 11912 | D:10     | Noticed Grum
 11918 | D:10     | Killed a two-headed ogre
 11919 | D:10     | Gained mutation: You have a pair of large antennae on your
                  | head. (SInv) [demonic ancestry]
 11919 | D:10     | Reached XP level 11. HP: 46/84 MP: 15/15
 11925 | D:10     | Killed Grum
 12226 | D:10     | Noticed Maggie
 12235 | D:10     | Killed Maggie
 12236 | D:10     | Reached skill level 5 in Fighting
 12258 | D:10     | Reached skill level 5 in Unarmed Combat
 12294 | D:10     | Noticed a two-headed ogre
 12308 | D:10     | Killed a two-headed ogre
 12355 | D:10     | Found a staircase to the Orcish Mines.
 12449 | D:10     | Reached ****** piety under Cheibriados
 12748 | D:10     | Got Jolamyno's Second Course in Incantation
 12887 | D:10     | Found a snail-covered altar of Cheibriados.
 13303 | D:10     | Noticed a two-headed ogre
 13305 | D:10     | Identified the +0 scale mail of Unreason {rPois}
 13311 | D:10     | Killed a two-headed ogre
 13573 | D:11     | Noticed Sonja
 13579 | D:11     | Killed Sonja
 13580 | D:11     | Gained mutation: A demonic guardian rushes to your aid.
                  | [demonic ancestry]
 13580 | D:11     | Reached XP level 12. HP: 48/97 MP: 16/16
 13636 | D:11     | Noticed Fannar
 13654 | D:11     | Killed Fannar
 13749 | D:11     | Noticed a two-headed ogre
 13774 | D:11     | Killed a two-headed ogre
 13775 | D:11     | Reached skill level 11 in Shapeshifting
 13851 | D:11     | Noticed Urug
 13857 | D:11     | HP: 5/100 [Urug/+7 scimitar of holy wrath (7)]
 13857 | D:11     | Slain by Urug

Illustrated notes

Levels and vault maps discovered:
D:1:      lightli_arrival_windingriver, layout_loops_cross, minmay_unequal
D:2:      minmay_chambers_of_twos, layout_basic,
          nicolae_kite_square_tiling_tiny, minmay_increasing_density,
          uniq_natasha
D:3:      layout_basic, overflow_temple_1_default,
          nicolae_overflow_crystal_walls, serial_bayou, serial_bayou_pond_e,
          serial_bayou_pond_c, serial_bayou_pond_a, serial_bayou_lagoon_b,
          kennysheep_generic_room_11
D:4:      layout_loops_ring, slow_altar_1, minmay_temple_entry_grid,
          minmay_shop_mass, nrook_uturn, nicolae_nh_ransacked_shop
D:5:      corexii_shantytown, layout_loops_corners, uniq_duvessa
D:6:      layout_basic, nicolae_yredelemnul_corpse_copse,
          brannock_xom_greatest_gift, serial_shops, shop,
          nicolae_shop_hallway_plus, shop, nicolae_shop_mannequins,
          chequers_jeans, uniq_eustachio, uniq_jeremiah, uniq_pikel
D:7:      layout_basic, grunt_dithmenos_shadows, fedhas_altar_4,
          minmay_splitting_lines, grunt_decor_junction,
          amcnicky_mini_corridor_feature, uniq_joseph
D:8:      layout_basic, lair_entry_dummy, minivault_22,
          hangedman_abyss_or_decor_passed, roderic_serpentine_path
D:9:      layout_roguey, okawaru_trees_2, serial_shops,
          nicolae_shop_pleasant_corner_grove, uniq_harold, uniq_erica
D:10:     kennysheep_town, uniq_maggie, uniq_grum
D:11:     layout_rooms, uniq_fannar, uniq_urug, uniq_sonja

Skill      XL: |  1  2  3  4  5  6  7  8  9 10 11 12 |
---------------+-------------------------------------+-----
Unarmed Combat | 3 4 6 |  6.9
Shapeshifting  | 3 4 7 8 9 10 11 | 11.1
Dodging        | 2 3 5 6 8 |  8.8
Fighting       | 2 3 4 6 7 |  7.3
Armour         | 3 4 |  4.0
Conjurations   | 3 |  3.6
Spellcasting   | 3 |  3.2
Ice Magic      | 3 |  3.3
Air Magic      | 3 |  3.2

Action                     |  1- 3 |  4- 6 |  7- 9 | 10-12 || total
---------------------------+-------+-------+-------+-------++-------
  Melee: Unarmed           |   110 |   323 |   332 |   414 ||  1179
         Punch             |     2 |     7 |    11 |     3 ||    23
         Constrict         |       |       |       |    38 ||    38
  Evoke: Wand              |       |       |     5 |     9 ||    14
    Use: Potion            |     1 |     7 |     1 |     1 ||    10
         Scroll            |     1 |     6 |     3 |    16 ||    26
   Stab: Sleeping          |     6 |    23 |    17 |    20 ||    66
         Distracted        |       |     3 |     1 |     5 ||     9
         Invisible         |       |     2 |       |       ||     2
 Armour: Skin              |    22 |       |    48 |   151 ||   221
         Animal skin       |    49 |    90 |       |       ||   139
         Leather armour    |       |    48 |   137 |       ||   185
         Troll leather arm |       |       |       |    99 ||    99
  Dodge: Dodged            |    65 |   178 |   290 |   615 ||  1148
   Form: Beast             |     1 |       |       |       ||     1
         Flux              |       |       |     1 |       ||     1
         Serpent           |       |       |       |     1 ||     1
         Blade             |       |       |       |     1 ||     1
